AoeStats
← Your Mom

Arabia

507433535Analyzed
2v2 RM · 15d ago on Sep 18, 2026· 62m 56s· 4 players
Game mode
Random Map
Map size
Medium (4 player)
Population
200
Speed
Normal
Resources
Standard
Victory
Conquest
Starting age
Dark Age
Ending age
Imperial Age
RankedLock teamsTeams togetherTeam positionsShared explorationLock speedFull tech treeHidden civsTurbo modeCheats
Victory
Defeat
🇩🇪 Lithuanians · Germany
953
+12
🇨🇳 Bohemians · China
774
+18
🇩🇪 Vietnamese · Germany
873
-16
🇩🇪 Franks · Germany
823
-14
LittleChaosed
12:47 Feudal Age
11:08 Loom
13:33 Double-Bit Axe
13:30 Horse Collar
17:35 Wheelbarrow
20:10 Castle Age
20:28 Gold Mining
21:08 Thumb Ring
20:27 Crossbowman
21:11 Fletching
22:35 Bow Saw
24:15 Bodkin Arrow
24:21 Padded Archer Armor
24:22 Scale Mail Armor
24:32 Forging
25:06 Squires
25:45 Ballistics
25:36 Town Watch
27:18 Bloodlines
30:19 Pikeman
31:33 Forging
33:07 Leather Archer Armor
34:31 Husbandry
37:33 Iron Casting
37:13 Chain Mail Armor
39:46 Hand Cart
43:41 Scale Barding Armor
48:30 Imperial Age
49:13 Chain Barding Armor
48:22 Light Cavalry
48:57 Arbalester
49:19 Capped Ram
51:02 Bracer
51:33 Plate Mail Armor
51:24 Cavalier
53:14 Ring Archer Armor
55:52 Two-Man Saw
54:54 Heavy Plow
56:31 Plate Barding Armor
Your Mom
0:26 Loom
10:08 Feudal Age
12:03 Double-Bit Axe
23:30 Wheelbarrow
25:56 Castle Age
27:29 Bow Saw
27:33 Pikeman
29:12 Squires
32:40 Husbandry
35:59 Forging
35:51 Scale Mail Armor
35:56 Scale Barding Armor
38:45 Iron Casting
38:25 Chain Mail Armor
38:31 Chain Barding Armor
41:36 Hand Cart
41:38 Fortified Wall
43:21 Fletching
49:56 Imperial Age
49:52 Ballistics
49:31 Gold Mining
49:32 Stone Mining
49:38 Stone Mining
50:02 Caravan
50:05 Cavalier
51:11 Conscription
51:34 Paladin
54:59 Chivalry
58:43 Light Cavalry
61:37 Halberdier
63:42 Gold Shaft Mining
highvoltage
6:38 Loom
10:07 Feudal Age
11:56 Bloodlines
11:50 Double-Bit Axe
19:49 Castle Age
18:35 Scale Barding Armor
18:22 Fletching
19:45 Forging
21:14 Chain Barding Armor
22:10 Fletching
23:11 Iron Casting
23:56 Husbandry
36:25 Imperial Age
37:02 Bodkin Arrow
37:46 Tower Shields
37:44 Elite Skirmisher
38:31 Thumb Ring
40:01 Ballistics
40:42 Chemistry
41:22 Plate Barding Armor
44:03 Hill Forts
45:33 Bracer
47:19 Elite Leitis
49:41 Horse Collar
53:03 Wheelbarrow
52:13 Town Watch
52:54 Padded Archer Armor
乱舞春秋
2:19 Loom
12:31 Feudal Age
13:08 Double-Bit Axe
13:09 Horse Collar
17:53 Fishing Lines
19:52 Wheelbarrow
23:18 Castle Age
23:43 Scale Mail Armor
23:54 Forging
28:51 Hand Cart
30:14 Gillnets
30:50 Town Watch
33:18 Chemistry
35:27 Imperial Age
35:19 Padded Archer Armor
35:09 Fletching
35:24 Pikeman
36:39 Conscription
36:40 Bow Saw
36:37 Heavy Plow
38:51 Leather Archer Armor
38:32 Bodkin Arrow
44:22 Two-Man Saw
43:40 Town Patrol
43:33 Treadmill Crane
43:49 Murder Holes
44:16 Ballistics
44:55 Chain Mail Armor
45:16 Iron Casting
48:08 Wagenburg Tactics
48:46 Arrowslits
49:13 Squires
48:38 Halberdier
51:20 Elite Hussite Wagon
Connection lost

Rejoining the realm…

Still unreachable

The connection could not be restored.

Session expired

The server has moved on; the page needs a fresh start.